 Dungeon Crawl Stone Soup version 0.30-a0-50-gb2d611f6b1 (webtiles) character file.

Game seed: 9234709258003920856

126 Murumi the Shield-Bearer (level 5, -2/35 (42) HPs)
             Began as a Formicid Fighter on Sept 3, 2022.
             Slain by a gnoll
             ... wielding a +0 spear
              (3 damage)
             ... on level 2 of the Dungeon.
             The game lasted 00:04:59 (2175 turns).

Murumi the Shield-Bearer (Formicid Fighter)         Turns: 2175, Time: 00:04:59

HP:   -2/35 (42)    AC:  7    Str: 21    XL:     5   Next: 31%
MP:   5/5           EV:  9    Int:  9    God:
Gold: 52            SH:  6    Dex: 13    Spells: 4/4 levels left

rFire   . . .      SeeInvis +    a - +1 flail
rCold   . . .      Faith    +    c - +1 buckler
rNeg    . . .      Spirit   .    b - +0 scale mail
rPois   .          Reflect  .    (helmet unavailable)
rElec   .          Harm     .    (no cloak)
rCorr   .          Rampage  .    (no gloves)
Will    .....                    (no boots)
Stlth   +.........               f - amulet of faith
HPRegen 0.11/turn                (no ring)
MPRegen 0.09/turn                (no ring)

@: heavily drained
A: permanent stasis, dig shafts and tunnels, antennae 3, four strong arms
a: Dig, Shaft Self


You were on level 2 of the Dungeon.
You visited 1 branch of the dungeon, and saw 2 of its levels.

You collected 107 gold pieces.
You spent 55 gold pieces at shops.

Inventory:

Hand Weapons
 a - a +1 flail (weapon)
Missiles
 e - 3 poisoned darts
 g - 32 stones
Armour
 b - a +0 scale mail (worn)
 c - a +1 buckler (worn)
Jewellery
 f - an amulet of faith (around neck)
Scrolls
 i - a scroll of enchant armour
Potions
 d - a potion of might
 h - 2 potions of curing
 j - a potion of cancellation {unknown}
 k - a potion of flight {unknown}


   Skills:
 - Level 4.0 Fighting
 - Level 3.0 Maces & Flails
 - Level 1.0 Throwing
 - Level 4.0 Armour
 - Level 1.0 Dodging
 - Level 2.0 Stealth
 + Level 4.4 Shields


You had 4 spell levels left.
You didn't know any spells.
Your spell library was empty.

Dungeon Overview and Level Annotations

Branches:
Dungeon (2/15)

Altars:

Shops:
D:2 *


Innate Abilities, Weirdness & Mutations

You cannot be hasted, slowed, berserked, paralysed or teleported.
You can dig through walls and to a lower floor.
You have a pair of large antennae on your head. (SInv)
Your four strong arms can wield two-handed weapons with a shield.


Message History

You dig through the rock wall.
You feel drained. The goblin attacks as you move away!
The goblin hits you but does no damage.
A gnoll comes into view. It is wielding a +0 spear.
The gnoll shouts!
You dig through the rock wall.
You feel drained. The goblin attacks as you move away! The goblin misses you.
You dig through the rock wall.
You feel drained. The goblin attacks as you move away!
The goblin hits you but does no damage.
You retract your mandibles.
You thump the goblin!
You kill the goblin!
You closely miss the gnoll. The gnoll hits you but does no damage.
You hit the gnoll.
The gnoll is lightly wounded.
The gnoll hits you with a +0 flail. The gnoll closely misses you.
You closely miss the gnoll.
The gnoll is lightly wounded.
The gnoll hits you but does no damage.
You completely miss the gnoll.
The gnoll is lightly wounded.
The gnoll hits you with a +0 flail.
You closely miss the gnoll.
The gnoll is lightly wounded.
The gnoll hits you with a +0 flail.
You hit the gnoll.
The gnoll is moderately wounded.
The gnoll barely misses you. The gnoll hits you with a +0 flail!
* * * LOW HITPOINT WARNING * * *
You hit the gnoll.
The gnoll is moderately wounded.
The gnoll barely misses you.
You hit the gnoll.
The gnoll is severely wounded.
The gnoll hits you with a +0 flail!
* * * LOW HITPOINT WARNING * * *
You sock the gnoll!
You kill the gnoll!
You hit the gnoll but do no damage. The gnoll hits you with a +0 spear.
* * * LOW HITPOINT WARNING * * *
The gnoll hits you with a +0 spear.
You die...

#....# #....# ######.
#....####### .......
#####...[.[....# .......
...............# .......
.......#.......# ........
.......#.......# .......
.......############g.....#
.......# #@#{## .# .......#
##g#.###.###
.......#############gg....#
###...###.................#
###.###.##########......#
#........................
###
####.##.....................
...
............................
###
####.####.#..#####...#....##


You could see a gnoll.

Vanquished Creatures
  Terence (D:2)
  An adder (D:2)
  5 gnolls (D:2)
  A worm (D:2)
  4 dart slugs
  A ball python (D:1)
  4 endoplasms
  4 giant cockroaches
  3 hobgoblins
  2 kobolds
  A bat (D:1)
  2 frilled lizards (D:2)
  5 goblins
  5 rats
39 creatures vanquished.

Notes
Turn   | Place    | Note
-------+----------+-------------------------------------------
     0 | D:1      | Murumi the Formicid Fighter began the quest for the Orb.
     0 | D:1      | Reached XP level 1. HP: 18/18 MP: 1/1
   298 | D:1      | Reached XP level 2. HP: 22/25 MP: 2/2
   615 | D:1      | Found a faded altar of an unknown god.
  1204 | D:1      | Reached XP level 3. HP: 30/30 MP: 3/3
  1521 | D:2      | Found Raeciwn's Assorted Antiques.
  1531 | D:2      | Reached skill level 1 in Stealth
  1577 | D:2      | Bought a scroll labelled CEHEIKEDDI for 29 gold pieces
  1577 | D:2      | Bought a lumpy blue potion for 26 gold pieces
  1634 | D:2      | Reached skill level 1 in Throwing
  1638 | D:2      | Reached skill level 1 in Dodging
  1638 | D:2      | Reached XP level 4. HP: 24/37 MP: 4/4
  1818 | D:2      | Noticed Terence
  1835 | D:2      | Killed Terence
  1836 | D:2      | Reached XP level 5. HP: 38/42 MP: 5/5
  2175 | D:2      | HP: 1/35 [gnoll/+0 spear (3)]
  2175 | D:2      | Slain by a gnoll

Illustrated notes

Levels and vault maps discovered:
D:1:      co_arrival_random_square_maze, layout_basic,
          ebering_ecumenical_altar_webs
D:2:      layout_basic, serial_shops, nicolae_shop_crystal, uniq_terence

Skill      XL: |  1  2  3  4  5 |
---------------+----------------+-----
Fighting       | 4 |  4.0
Armour         | 4 |  4.0
Stealth        | 1 2 |  2.0
Throwing       | 1 |  1.0
Dodging        | 1 |  1.0
Maces & Flails | 3 |  3.0
Shields        | |  4.4

Action                   |  1- 3 |  4- 6 || total
-------------------------+-------+-------++-------
Melee: Flail             |    84 |    43 ||   127
 Abil: Dig               |       |     1 ||     1
  Use: Scroll            |     3 |     4 ||     7
Armor: Scale mail        |    32 |    14 ||    46
Dodge: Dodged            |    35 |    17 ||    52
Block: Buckler           |    20 |     6 ||    26

Table legend: (Time is in decaauts)
 A = Elapsed time spent in this place.
 B = Non-inter-level travel time spent in this place.
 C = Inter-level travel time spent in this place.
 D = Time resting spent in this place.
 E = Time spent auto-exploring this place.
 F = Levels seen in this place.
 G = Mean time per level.
                   A        B        C        D        E       F      G
               +--------+--------+--------+--------+--------+-----+--------+
         Total |   2215 |   2075 |    140 |     26 |   1708 |   2 | 1107.5 |
       Dungeon |   2215 |   2075 |    140 |     26 |   1708 |   2 | 1107.5 |
               +--------+--------+--------+--------+--------+-----+--------+

Top non-repeatable levels by time:
     D:1: 1432 daAuts
     D:2: 782 daAuts
